 Dungeon Sprint DCSS version 0.20.1-1-g8b1a95d (webtiles) character file.

24435739 groucho the Invulnerable (level 24, 132/181 HPs)
             Began as a Gargoyle Fighter on Nov 2, 2017.
             Was the Champion of Cheibriados.
             Escaped with the Orb
             ... and 7 runes!
             The game lasted 00:46:24 (12975 turns).

groucho the Invulnerable (Gargoyle Fighter)        Turns: 12975, Time: 00:46:25

Health: 132/181    AC: 60    Str: 39    XL:     24   Next: 49%
Magic:  54/54      EV: 34    Int: 27    God:    Cheibriados [******]
Gold:   1376       SH: 39    Dex: 32    Spells: 77/77 levels left

rFire    + + .     SeeInvis +   H - +5 broad axe (vamp)
rCold    + . .     Gourm    +   h - +8 large shield
rNeg     + . .     Faith    .   s - +9 scales of the Dragon King {rPois rF+ rC+ MR+}
rPois    ∞         Spirit   .   t - +1 helmet
rElec    +         Reflect  .   U - +1 cloak
rCorr    .         Harm     .   u - +0 pair of gloves
MR       ++...     Rnd*Rage +   D - +2 pair of boots {Fly} Stlth +.........NoTele +
                                R - amulet "Moavexka" {Gourm +Fly rF+ Str+3}
Regen    0.4/turn               K - +2 ring of slaying
MPRegen  0.4/turn               F - ring of see invisible

@: flying, very slow
A: big wings, berserk 1, deformed body, deterioration 1, negative energy
resistance 1, electricity resistance, unbreathing, petrification resistance, no
potion heal 1, rot immunity, AC +17
0: Orb of Zot
}: 7/15 runes: decaying, serpentine, barnacled, slimy, elven, silver, gossamer
a: Stop Flying, Bend Time, Temporal Distortion, Slouch, Step From Time, Renounce
Religion


You escaped.
You worshipped Cheibriados.
Cheibriados was exalted by your worship.
You were not hungry.

You visited 1 branch You collected 1946 gold pieces.
You spent 570 gold pieces at shops.

Inventory:

Hand Weapons
 p - a +0 trident
 H - a +5 vampiric broad axe (weapon)
 L - the +8 Wrath of Trog {antimagic, *Rage}
   (You found it in the Dungeon)

   It reduces the magical energy of the wielder, and disrupts the spells and
   magical abilities of those hit.
   Natural abilities and divine invocations are not affected.
   It may make you go berserk in combat.
Missiles
 c - 2 throwing nets
 j - 33 javelins
 M - 16 poisoned javelins
 N - 7 javelins of returning (quivered)
Armour
 h - a +8 large shield (worn)
 s - the +9 scales of the Dragon King (worn) {rPois rF+ rC+ MR+}
   (You found it in the Dungeon)

   It protects you from fire.
   It protects you from cold.
   It protects you from poison.
   It affects your resistance to hostile enchantments.
 t - a +1 helmet (worn)
 u - a +0 pair of gloves (worn)
 D - a +2 pair of boots of flying (worn)
 T - +0 gold dragon scales
 U - a +1 cloak (worn)
Jewellery
 b - a +2 ring of protection
 r - a +3 ring of dexterity
 C - an uncursed ring of wizardry
 F - a ring of see invisible (right hand)
 G - an uncursed ring of fire
 I - a +4 ring of protection
 J - a +6 ring of dexterity
 K - a +2 ring of slaying (left hand)
 Q - the amulet "Gisaj" {Spirit MR+ Str+3 Int+2}
   (You found it in the Dungeon)

   [amulet of guardian spirit]

   It causes incoming damage to be split between your health and magic.
   It affects your strength (+3).
   It affects your intelligence (+2).
   It affects your resistance to hostile enchantments.
 R - the amulet "Moavexka" (around neck) {Gourm +Fly rF+ Str+3}
   (You found it in the Dungeon)

   [amulet of the gourmand]

   It allows you to eat raw meat even when not hungry.
   It affects your strength (+3).
   It protects you from fire.
   It lets you fly.
 S - the ring "Vioxkosu" {+Fly rF+ MP+9}
   (You found it in the Dungeon)

   [ring of magical power]

   It protects you from fire.
   It affects your magic capacity (+9).
   It lets you fly.
Wands
 o - a wand of iceblast (3/15)
 O - a wand of lightning (2/15)
Scrolls
 k - 3 scrolls of blinking
 m - 6 scrolls of remove curse
 n - 2 scrolls of amnesia
 v - 6 scrolls of fear
 x - 2 scrolls of recharging
 y - 2 scrolls of identify
 B - 4 scrolls of fog
Potions
 a - a potion of brilliance
 d - 6 potions of might
 e - 8 potions of curing
 g - 2 potions of heal wounds
 i - 2 potions of magic
 l - a potion of invisibility
 q - 2 potions of resistance
Comestibles
 f - 12 bread rations
 z - 21 fruits
 A - 12 meat rations
 P - a royal jelly


   Skills:
 O Level 27 Fighting
 O Level 27 Axes
 O Level 27 Throwing
 O Level 27 Armour
 O Level 27 Dodging
 O Level 27 Stealth
 O Level 27 Shields
 O Level 27 Unarmed Combat
 O Level 27 Spellcasting
 O Level 27 Invocations
 + Level 25.9 Evocations


You had 77 spell levels left.
You didn't know any spells.

Dungeon Overview and Level Annotations

Branches:
Dungeon (1/1)

Altars:
Cheibriados
Dithmenos
Elyvilon
Fedhas
Gozag
Hepliaklqana
Kikubaaqudgha
Makhleb
Nemelex Xobeh
Okawaru
Qazlal
Ru
Sif Muna
Trog
Uskayaw
Vehumet
Xom
Yredelemnul
Zin
The Shining One
Beogh
Jiyva
Lugonu

Shops:
D %[%!


Innate Abilities, Weirdness & Mutations

You are resistant to torment.
Your stone body is resilient. (AC +17)
You are immune to poison.
Your large and strong wings let you fly indefinitely.
You resist negative energy. (rN+)
You are resistant to electric shocks. (rElec)
You can survive without breathing.
You are immune to petrification.
You are immune to rotting.
You tend to lose your temper in combat.
Armour fits poorly on your strangely shaped body.
Your body sometimes deteriorates upon taking damage.
Potions are less effective at restoring your health.


Message History

Press: ? - help, Shift-Dir - straight line, f/p - Orb Guardian
Aim: an Orb Guardian You throw a javelin of returning.
The javelin of returning hits the Orb Guardian!!
The Orb Guardian is moderately wounded.
The javelin of returning returns to your pack!
Throwing (i - inventory. (,) - cycle):
N - 7 javelins of returning (quivered)
Press: ? - help, Shift-Dir - straight line, f/p - Orb Guardian
Aim: an Orb Guardian (moderately wounded)
You throw a javelin of returning.
The javelin of returning hits the Orb Guardian!!!!
You kill the Orb Guardian!
Cheibriados thoroughly appreciates the change of pace.
The javelin of returning returns to your pack!
Unknown command.
There is an open door, spattered with blood here.
There is an open door to the Dungeon here.
You see here a whip.
There is a staircase leading out of the dungeon here.
You have escaped!

.▓.▓.▓.▓.▓.▓)▓.▓.▓
.▓.▓.▓.▓.▓.▓'▓.▓.▓
.▓.▓.▓.▓.▓.▓.▓.▓.▓
.▓.▓.▓.▓.▓.▓§▓.▓.▓
.▓.▓.▓.▓.▓.▓§▓.▓)▓
.▓.▓.▓.▓.▓.▓§▓[▓.▓
.▓.▓.▓.▓.▓.▓§▓.▓.▓
.▓.▓.▓.▓.▓.▓§▓.▓.▓
...▓...▓...▓§..▓@▓
▓▓▓▓▓▓▓▓▓▓▓▓▓▓▓▓▓▓


There were no monsters in sight!

Vanquished Creatures
  the Royal Jelly (D)
  A seraph (D)
  13 pandemonium lords (D)
  5 orbs of fire (D)
  6 ancient liches (D)
  Sojobo (D)
  Boris (D)
  2 Killer Klowns (D)
  6 golden dragons (D)
  Nikola (D)
  2 profane servitors (D)
  Jory (D)
  4 Brimstone Fiends (D)
  2 Tzitzimimeh (D)
  3 electric golems (D)
  A hellephant (D)
  3 tentacled monstrosities (D)
  45 Orb Guardians (D)
  10 Ice Fiends (D)
  5 liches (D)
  2 Hell Sentinels (D)
  2 deep elf blademasters (D)
  A deep elf master archer (D)
  13 acid blobs (D)
  5 Executioners (D)
  Gastronok (D)
  6 shadow dragons (D)
  3 tengu reavers (D)
  Kirke (D)
  6 storm dragons (D)
  A thorn hunter (D)
  3 draconian monks (D)
  Ilsuiw (D)
  8 azure jellies (D)
  2 draconian knights (D)
  4 nagarajas (D)
  2 cacodemons (D)
  4 frost giants (D)
  3 vault wardens (D)
  A ghost moth (D)
  2 draconian scorchers (D)
  4 angels (D)
  6 emperor scorpions (D)
  4 balrugs (D)
  2 draconian stormcallers (D)
  2 draconian annihilators (D)
  3 ironheart preservers (D)
  2 reapers (D)
  2 very ugly things (D)
  2 green draconians (D)
  5 stone giants (D)
  A blood saint (D)
  2 entropy weavers (D)
  8 vampire knights (D)
  4 deep elf demonologists (D)
  2 black draconians (D)
  3 lorocyprocas (D)
  Azrael (D)
  A yellow draconian (D)
  4 purple draconians (D)
  2 red draconians (D)
  5 white draconians (D)
  5 merfolk javelineers (D)
  A spark wasp (D)
  3 ettins (D)
  6 death oozes (D)
  4 merfolk impalers (D)
  3 deep elf death magi (D)
  4 deep elf high priests (D)
  A fire dragon (D)
  A blizzard demon (D)
  5 yaktaur captains (D)
  Josephine (D)
  4 green deaths (D)
  2 naga warriors (D)
  A great orb of eyes (D)
  A monstrous demonspawn (D)
  4 rakshasas (D)
  Harold (D)
  9 ice dragons (D)
  9 hydras (D)
  A merfolk avatar (D)
  A hell beast (D)
  25 vault guards (D)
  A spriggan air mage (D)
  A centaur warrior (D)
  2 merfolk aquamancers (D)
  A deep troll shaman (D)
  A vampire mage (D)
  A tengu warrior (D)
  4 orc high priests (D)
  An ogre mage (D)
  6 large abominations (D)
  A shock serpent (D)
  A naga sharpshooter (D)
  5 sun demons (D)
  9 soul eaters (D)
  A spriggan berserker (D)
  A deep elf knight (D)
  7 sixfirhies (D)
  3 cherubim (D)
  A shadow demon (D)
  A spriggan druid (D)
  A deep troll (D)
  A wizard (D)
  A gelid demonspawn (D)
  An infernal demonspawn (D)
  A glowing orange brain (D)
  A flayed ghost (D)
  An ironbrand convoker (D)
  4 orc knights (D)
  5 swamp dragons (D)
  A phantasmal warrior (D)
  2 ugly things (D)
  2 harpies (D)
  5 wolf spiders (D)
  An orb spider (D)
  5 orc sorcerers (D)
  2 cyclopes (D)
  A salamander (D)
  A manticore (D)
  10 moths of wrath (D)
  2 black mambas (D)
  8 rust devils (D)
  2 vault sentinels (D)
  3 guardian serpents (D)
  8 smoke demons (D)
  3 naga magi (D)
  5 orange demons (D)
  A gargoyle (D)
  3 spiny frogs (D)
  3 hellions (D)
  6 yaktaurs (D)
  2 komodo dragons (D)
  3 demonic crawlers (D)
  11 ice devils (D)
  3 tormentors (D)
  10 hellwings (D)
  A freezing wraith (D)
  A queen bee (shapeshifter) (D)
  3 merfolk (D)
  7 red devils (D)
  A tengu conjurer (D)
  A tyrant leech (D)
  2 jumping spiders (D)
  A wind drake (D)
  2 hornets (D)
  A snapping turtle (D)
  A slime creature (D)
  4 wraiths (D)
  A redback (D)
  3 tarantellas (D)
  A wyvern (shapeshifter) (D)
  5 ynoxinuls (D)
  2 water elementals (D)
  A yak (D)
  2 fire elementals (D)
  11 spriggans (D)
  2 hogs (D)
  5 golden eyes (D)
  6 neqoxecs (D)
  A vampire mosquito (D)
  8 chaos spawn (D)
  2 insubstantial wisps (D)
  3 nagas (D)
  An acid dragon (D)
  4 hell hounds (D)
  3 wargs (D)
  5 water moccasins (D)
  4 porcupines (D)
  2 floating eyes (D)
  11 orc warriors (D)
  A swamp drake (D)
  2 ice beasts (D)
  A sky beast (D)
  2 eyes of draining (D)
  2 boggarts (D)
  5 wolves (D)
  2 crocodiles (D)
  4 bullfrogs (D)
  A killer bee (D)
  A howler monkey (D)
  A quasit (D)
  5 crimson imps (D)
  2 iron imps (D)
  4 orc priests (D)
  A jelly (D)
  2 orc wizards (D)
  2 worker ants (D)
  An adder (D)
  2 shadow imps (D)
  2 white imps (D)
  An ufetubus (D)
  An adder skeleton (D)
  2 leopard geckos (D)
  11 orcs (D)
  A goblin (D)
  A jackal (D)
  2 frilled lizards (D)
  A kobold (D)
  A quokka skeleton (D)
  A rat (D)
  A crawling corpse (D)
682 creatures vanquished.

Vanquished Creatures (others)
  An Orb Guardian (D)
  A blood saint (D)
  A swamp dragon (D)
  A guardian serpent (D)
  A naga mage (D)
  A human (D)
6 creatures vanquished.

Grand Total: 688 creatures vanquished

Notes
Turn   | Place    | Note
-------+----------+-------------------------------------------
     0 | D        | groucho the Gargoyle Fighter began the quest for the Orb.
     0 | D        | Reached XP level 1. HP: 14/14 MP: 1/1
    36 | D        | Reached XP level 2. HP: 19/20 MP: 2/2
    60 | D        | Reached XP level 3. HP: 14/24 MP: 3/3
    66 | D        | Found a roughly hewn altar of Beogh.
    66 | D        | Found a snail-covered altar of Cheibriados.
    66 | D        | Found a shadowy altar of Dithmenos.
    66 | D        | Found a white marble altar of Elyvilon.
    66 | D        | Found a blossoming altar of Fedhas.
    66 | D        | Found an opulent altar of Gozag.
    67 | D        | Found a hazy altar of Hepliaklqana.
    68 | D        | Found a viscous altar of Jiyva.
    69 | D        | Found an ancient bone altar of Kikubaaqudgha.
    70 | D        | Became a worshipper of Cheibriados the Contemplative
    71 | D        | Found a corrupted altar of Lugonu.
    72 | D        | Found a burning altar of Makhleb.
    73 | D        | Found a sparkling altar of Nemelex Xobeh.
    74 | D        | Found an iron altar of Okawaru.
    75 | D        | Found a stormy altar of Qazlal.
    76 | D        | Found a sacrificial altar of Ru.
    77 | D        | Found a deep blue altar of Sif Muna.
    78 | D        | Found a bloodstained altar of Trog.
    79 | D        | Found a hide-covered altar of Uskayaw.
    80 | D        | Found a radiant altar of Vehumet.
    82 | D        | Found a shimmering altar of Xom.
    83 | D        | Found a basalt altar of Yredelemnul.
    84 | D        | Found a glowing silver altar of Zin.
    85 | D        | Found a glowing golden altar of the Shining One.
   134 | D        | Noticed an ice beast
   134 | D        | Noticed an eye of draining
   134 | D        | Noticed a water moccasin
   134 | D        | Noticed a bullfrog
   134 | D        | Noticed a killer bee
   136 | D        | Killed a killer bee
   136 | D        | Reached skill level 5 in Fighting
   136 | D        | Reached skill level 5 in Armour
   136 | D        | Reached XP level 4. HP: 27/31 MP: 0/6
   148 | D        | Killed a bullfrog
   148 | D        | Reached * piety under Cheibriados
   148 | D        | Reached skill level 5 in Invocations
   148 | D        | Reached XP level 5. HP: 23/36 MP: 0/8
   159 | D        | Killed a water moccasin
   159 | D        | Reached ** piety under Cheibriados
   159 | D        | Reached skill level 5 in Axes
   159 | D        | Reached XP level 6. HP: 32/42 MP: 0/11
   162 | D        | Killed an eye of draining
   168 | D        | Killed an ice beast
   168 | D        | Reached XP level 7. HP: 38/49 MP: 2/13
   294 | D        | Noticed a centaur warrior
   303 | D        | Killed a centaur warrior
   303 | D        | Reached *** piety under Cheibriados
   303 | D        | Reached XP level 8. HP: 49/56 MP: 13/16
   319 | D        | Reached **** piety under Cheibriados
   602 | D        | Noticed a komodo dragon
   604 | D        | Noticed a komodo dragon
   612 | D        | Killed a komodo dragon
   612 | D        | Reached skill level 10 in Fighting
   612 | D        | Reached skill level 10 in Armour
   616 | D        | Noticed an eight-headed hydra
   616 | D        | Reached ***** piety under Cheibriados
   619 | D        | Reached XP level 9. HP: 63/63 MP: 18/18
   625 | D        | Killed a komodo dragon
   629 | D        | Killed a nine-headed hydra
   790 | D        | Noticed a spiny frog
   791 | D        | Reached skill level 1 in Dodging
   791 | D        | Reached skill level 5 in Shields
   795 | D        | Reached XP level 10. HP: 60/70 MP: 20/20
   800 | D        | Reached ****** piety under Cheibriados
   804 | D        | Killed a spiny frog
   804 | D        | Reached skill level 10 in Axes
  1333 | D        | Noticed an orc sorcerer
  1339 | D        | Killed an orc sorcerer
  1397 | D        | Noticed an orc knight
  1411 | D        | Killed an orc knight
  1411 | D        | Reached skill level 5 in Dodging
  1416 | D        | Noticed an orc knight
  1417 | D        | Reached XP level 11. HP: 36/74 MP: 15/21
  1420 | D        | Killed an orc knight
  1596 | D        | Found Fenif's Distillery.
  1596 | D        | Noticed an orc high priest
  1596 | D        | Noticed an orc sorcerer
  1596 | D        | Noticed an orc sorcerer
  1597 | D        | Noticed an orc high priest
  1599 | D        | Killed an orc sorcerer
  1599 | D        | Killed an orc sorcerer
  1599 | D        | Reached skill level 10 in Shields
  1600 | D        | Found Ymokkack's Food Shop.
  1603 | D        | Noticed an orc sorcerer
  1604 | D        | Killed an orc high priest
  1605 | D        | Found Susche Uph's Antique Armour Boutique.
  1606 | D        | Noticed an orc sorcerer
  1611 | D        | Killed an orc high priest
  1612 | D        | Noticed a sixfirhy
  1619 | D        | Killed an orc sorcerer
  1619 | D        | Killed an orc sorcerer
  1622 | D        | Found Zylaxzu's Food Shop.
  1626 | D        | Noticed an orc high priest
  1627 | D        | Noticed an orc high priest
  1629 | D        | Noticed a sun demon
  1637 | D        | Killed an orc high priest
  1638 | D        | Killed an orc high priest
  1672 | D        | Bought a potion of resistance for 100 gold pieces
  1672 | D        | Bought a potion of curing for 30 gold pieces
  1672 | D        | Bought a potion of heal wounds for 50 gold pieces
  1676 | D        | Bought a pair of runed boots for 195 gold pieces
  1686 | D        | Bought a runed chain mail for 195 gold pieces
  1728 | D        | Noticed Harold
  1733 | D        | Killed Harold
  1753 | D        | Noticed Gastronok
  1771 | D        | Killed Gastronok
  1771 | D        | Reached skill level 15 in Armour
  1771 | D        | Reached XP level 12. HP: 80/80 MP: 22/22
  1782 | D        | Noticed Josephine
  1786 | D        | Killed Josephine
  1934 | D        | Noticed a six-headed hydra
  1934 | D        | Noticed a rakshasa
  1963 | D        | Killed a 15-headed hydra
  1981 | D        | Noticed a rakshasa
  1985 | D        | Noticed a rakshasa
  1986 | D        | Killed a rakshasa
  1990 | D        | Noticed an ice dragon
  1996 | D        | Noticed an ice dragon
  1997 | D        | Killed a rakshasa
  1997 | D        | Reached skill level 10 in Dodging
  1998 | D        | Noticed a rakshasa
  2004 | D        | Killed an ice dragon
  2005 | D        | Noticed an ettin
  2022 | D        | Killed an ice dragon
  2035 | D        | Killed an ettin
  2047 | D        | Killed a rakshasa
  2200 | D        | Noticed Kirke
  2522 | D        | Killed Kirke
  2522 | D        | Reached XP level 13. HP: 84/84 MP: 23/23
  2792 | D        | Noticed Azrael
  2809 | D        | Killed Azrael
  2864 | D        | Noticed a spark wasp
  2864 | D        | Noticed an entropy weaver
  2866 | D        | Reached skill level 15 in Shields
  2866 | D        | Reached skill level 15 in Axes
  2867 | D        | Killed a spark wasp
  2868 | D        | Killed an entropy weaver
  3296 | D        | Noticed a thorn hunter
  3310 | D        | Killed a thorn hunter
  3344 | D        | Noticed a nagaraja
  3351 | D        | Killed a nagaraja
  3373 | D        | Gained mutation: Your large and strong wings let you fly indefinitely. [Gargoyle growth]
  3373 | D        | Reached XP level 14. HP: 90/90 MP: 17/24
  3592 | D        | Noticed a purple very ugly thing
  3592 | D        | Noticed a frost giant
  3594 | D        | Noticed a frost giant
  3601 | D        | Noticed a frost giant
  3604 | D        | Killed a frost giant
  3617 | D        | Killed a purple very ugly thing
  3640 | D        | Killed a frost giant
  3651 | D        | Killed a frost giant
  3666 | D        | Noticed a stone giant
  3667 | D        | Noticed a stone giant
  3680 | D        | Noticed a purple very ugly thing
  3685 | D        | Killed a stone giant
  3692 | D        | Killed a stone giant
  3697 | D        | Killed a purple very ugly thing
  3962 | D        | Noticed a vault warden
  3976 | D        | Noticed a vault warden
  4015 | D        | Killed a vault warden
  4015 | D        | Reached skill level 15 in Dodging
  4044 | D        | Killed a vault warden
  4049 | D        | Reached XP level 15. HP: 65/95 MP: 17/25
  4107 | D        | Noticed Nikola
  4130 | D        | Killed Nikola
  4462 | D        | Noticed an emperor scorpion
  4478 | D        | Killed an emperor scorpion
  4510 | D        | Noticed an emperor scorpion
  4526 | D        | Killed an emperor scorpion
  4635 | D        | Noticed Jory
  4653 | D        | Killed Jory
  4688 | D        | Noticed a nagaraja
  4694 | D        | Noticed a nagaraja
  4700 | D        | Killed a nagaraja
  4703 | D        | Killed a nagaraja
  4711 | D        | Noticed a nagaraja
  4727 | D        | Killed a nagaraja
  4790 | D        | Got a serpentine rune of Zot
  4931 | D        | Noticed Ilsuiw
  4944 | D        | Killed Ilsuiw
  5001 | D        | Got a barnacled rune of Zot
  5038 | D        | Reached skill level 1 in Throwing
  5080 | D        | Reached XP level 16. HP: 97/100 MP: 26/26
  5116 | D        | Got a decaying rune of Zot
  5147 | D        | Reached skill level 5 in Throwing
  5185 | D        | Got a gossamer rune of Zot
  5249 | D        | Noticed a tengu reaver
  5250 | D        | Noticed a tengu reaver
  5271 | D        | Killed a tengu reaver
  5277 | D        | Killed a tengu reaver
  5338 | D        | Noticed Sojobo
  5352 | D        | Killed Sojobo
  5532 | D        | Reached skill level 10 in Throwing
  5626 | D        | Noticed a storm dragon
  5638 | D        | Noticed a shadow dragon
  5649 | D        | Noticed a shadow dragon
  5657 | D        | Killed a storm dragon
  5657 | D        | Reached XP level 17. HP: 104/104 MP: 16/27
  5848 | D        | Noticed an ancient lich
  5849 | D        | Noticed a tentacled monstrosity
  5853 | D        | Noticed an Ice Fiend
  5857 | D        | Noticed a Tzitzimitl
  5859 | D        | Noticed an Executioner
  5873 | D        | Killed an ancient lich
  5878 | D        | Killed a tentacled monstrosity
  5904 | D        | Got a coiled tin amulet
  6105 | D        | Got a silver rune of Zot
  6195 | D        | Got the amulet "Moavexka" {Gourm +Fly rF+ Str+3}
  6199 | D        | Got the ring "Raatutzi" {*Corrode rF+ rN++ MR+ Int-4 Dex+4}
  6202 | D        | Got the ring "Vioxkosu" {+Fly rF+ MP+9}
  6204 | D        | Got the ring of the Modern Nights {+Fly Str+3 Int+8 Dex+2 Slay-4}
  6207 | D        | Got the ring of Road {+Fly MR+++ Dex-5 Slay-2 Stlth-}
  6306 | D        | Noticed Boris
  6322 | D        | Killed Boris
  6616 | D        | Reached skill level 15 in Throwing
  6616 | D        | Reached skill level 27 in Armour
  6772 | D        | Identified the amulet "Gisaj" {Spirit MR+ Str+3 Int+2} (You found it in the Dungeon)
  6885 | D        | Noticed a tentacled monstrosity
  6911 | D        | Killed a tentacled monstrosity
  6911 | D        | Reached skill level 27 in Shields
  6911 | D        | Reached XP level 18. HP: 93/110 MP: 1/28
  7190 | D        | Noticed a golden dragon
  7191 | D        | Noticed an orb of fire
  7204 | D        | Killed a golden dragon
  7234 | D        | Killed an orb of fire
  7482 | D        | Noticed a Killer Klown
  7488 | D        | Noticed a golden dragon
  7490 | D        | Noticed a tentacled monstrosity
  7497 | D        | Killed a golden dragon
  7499 | D        | Killed a tentacled monstrosity
  7501 | D        | Killed a Killer Klown
  7685 | D        | Noticed a golden dragon
  7719 | D        | Killed a golden dragon
  7874 | D        | Noticed an Orb Guardian
  7874 | D        | Noticed an Orb Guardian
  7874 | D        | Noticed an Orb Guardian
  7874 | D        | Noticed an Orb Guardian
  7874 | D        | Noticed an Orb Guardian
  7874 | D        | Noticed an Orb Guardian
  7879 | D        | Killed an Orb Guardian
  7887 | D        | Killed an Orb Guardian
  7892 | D        | Killed an Orb Guardian
  7901 | D        | Killed an Orb Guardian
  7901 | D        | Reached XP level 19. HP: 115/115 MP: 29/29
  8047 | D        | Reached skill level 27 in Dodging
  8075 | D        | Noticed an ancient lich
  8077 | D        | Paralysed by an ancient lich for 7 turns
  8100 | D        | Killed an ancient lich
  8103 | D        | Noticed an orb of fire
  8113 | D        | Killed an orb of fire
  8378 | D        | Noticed an electric golem
  8391 | D        | Killed an electric golem
  8408 | D        | Noticed a Killer Klown
  8408 | D        | Noticed an electric golem
  8408 | D        | Noticed a golden dragon
  8408 | D        | Noticed an orb of fire
  8414 | D        | Noticed an ancient lich
  8417 | D        | Noticed an orb of fire
  8418 | D        | Killed an electric golem
  8418 | D        | Reached skill level 15 in Fighting
  8418 | D        | Reached skill level 27 in Throwing
  8420 | D        | Killed an ancient lich
  8421 | D        | Killed an orb of fire
  8421 | D        | Killed an orb of fire
  8421 | D        | Reached XP level 20. HP: 89/147 MP: 14/30
  8422 | D        | Noticed an electric golem
  8422 | D        | Killed a golden dragon
  8422 | D        | Killed a Killer Klown
  8425 | D        | Noticed a golden dragon
  8427 | D        | Killed an electric golem
  8432 | D        | Noticed a golden dragon
  8436 | D        | Noticed an orb of fire
  8442 | D        | Killed a golden dragon
  8447 | D        | Gained mutation: Potions are less effective at restoring your health. [an orb of fire]
  8451 | D        | Gained mutation: Your body sometimes deteriorates upon taking damage. [an orb of fire]
  8460 | D        | Killed an orb of fire
  8460 | D        | Reached skill level 27 in Fighting
  8482 | D        | Killed a golden dragon
  8849 | D        | Got the Orb of Zot
  8930 | D        | Noticed an ancient lich
  8944 | D        | Killed an ancient lich
  8946 | D        | Noticed an ancient lich
  8950 | D        | Reached skill level 27 in Axes
  8951 | D        | Reached skill level 15 in Invocations
  8951 | D        | Reached XP level 21. HP: 163/163 MP: 22/32
  8968 | D        | Killed an ancient lich
  9109 | D        | Got an elven rune of Zot
  9365 | D        | Paralysed by a floating eye for 4 turns
  9374 | D        | Noticed the Royal Jelly
  9375 | D        | Paralysed by a floating eye for 2 turns
  9384 | D        | Killed the Royal Jelly
  9384 | D        | Reached skill level 27 in Invocations
  9384 | D        | Reached skill level 10 in Spellcasting
  9558 | D        | Got a slimy rune of Zot
  9578 | D        | Reached skill level 15 in Spellcasting
  9768 | D        | Noticed Akluej the pandemonium lord
  9785 | D        | Killed Akluej the pandemonium lord
  9848 | D        | Noticed Pucaweys the pandemonium lord
  9876 | D        | Killed Pucaweys the pandemonium lord
  9876 | D        | Reached XP level 22. HP: 90/169 MP: 39/45
 10083 | D        | Noticed a profane servitor
 10090 | D        | Killed a profane servitor
 10123 | D        | Noticed Wyuw the pandemonium lord
 10138 | D        | Killed Wyuw the pandemonium lord
 10187 | D        | Noticed an ancient lich
 10202 | D        | Killed an ancient lich
 10333 | D        | Noticed Usiryonn the pandemonium lord
 10345 | D        | Killed Usiryonn the pandemonium lord
 10354 | D        | Noticed Overhor the pandemonium lord
 10358 | D        | Killed Overhor the pandemonium lord
 10358 | D        | Reached skill level 27 in Spellcasting
 10358 | D        | Reached skill level 1 in Stealth
 10358 | D        | Reached skill level 1 in Unarmed Combat
 10358 | D        | Reached skill level 1 in Evocations
 10370 | D        | Noticed a profane servitor
 10387 | D        | Killed a profane servitor
 10395 | D        | Reached skill level 5 in Unarmed Combat
 10403 | D        | Reached skill level 5 in Evocations
 10623 | D        | Reached skill level 10 in Stealth
 10759 | D        | Gained mutation: Armour fits poorly on your strangely shaped body. [a neqoxec]
 10772 | D        | Reached skill level 10 in Unarmed Combat
 10882 | D        | Reached skill level 10 in Evocations
 10971 | D        | Noticed Atsoiw the pandemonium lord
 11007 | D        | Killed Atsoiw the pandemonium lord
 11216 | D        | Noticed Nattu the pandemonium lord
 11229 | D        | Reached XP level 23. HP: 151/175 MP: 54/54
 11240 | D        | Killed Nattu the pandemonium lord
 11268 | D        | Reached skill level 15 in Unarmed Combat
 11401 | D        | Reached skill level 15 in Evocations
 11998 | D        | Reached skill level 27 in Stealth
 12161 | D        | Noticed Ratz the pandemonium lord
 12168 | D        | Killed Ratz the pandemonium lord
 12314 | D        | Noticed Vuthin the pandemonium lord
 12329 | D        | Killed Vuthin the pandemonium lord
 12391 | D        | Noticed Vuippod the pandemonium lord
 12395 | D        | Killed Vuippod the pandemonium lord
 12411 | D        | Gained mutation: You tend to lose your temper in combat. [a cacodemon]
 12508 | D        | Reached XP level 24. HP: 142/181 MP: 50/54
 12516 | D        | Reached skill level 27 in Unarmed Combat
 12570 | D        | Noticed a seraph
 12574 | D        | Killed a seraph
 12631 | D        | Noticed Otsol the pandemonium lord
 12639 | D        | Killed Otsol the pandemonium lord
 12697 | D        | Noticed Fimes the pandemonium lord
 12702 | D        | Killed Fimes the pandemonium lord
 12821 | D        | Noticed Melenoj the pandemonium lord
 12827 | D        | Killed Melenoj the pandemonium lord
 12975 | D        | Escaped with the Orb!

Skill      XL: |  1  2  3  4  5  6  7  8  9 10 11 12 13 14 15 16 17 18 19 20 21 22 23 24 |
---------------+-------------------------------------------------------------------------+-----
Axes           | 2 3 4 5 6 7 8 9 11 13 14 16 18 19 27 | 27.0
Fighting       | 4 5 6 8 9 10 11 22 27 | 27.0
Shields        | 4 5 9 12 14 16 19 21 24 27 | 27.0
Armour         | 4 5 6 7 9 10 11 13 15 17 19 21 23 25 27 | 27.0
Invocations    | 3 5 7 9 11 12 14 15 27 | 27.0
Dodging        | 1 5 8 11 13 15 17 19 21 25 27 | 27.0
Throwing       | 3 11 16 22 27 | 27.0
Spellcasting   | 19 27 | 27.0
Stealth        | 16 27 | 27.0
Unarmed Combat | 14 26 27 | 27.0
Evocations     | 13 16 25 | 25.9

Action                   |  1- 3 |  4- 6 |  7- 9 | 10-12 | 13-15 | 16-18 | 19-21 | 22-24 || total
-------------------------+-------+-------+-------+-------+-------+-------+-------+-------++-------
Melee: War axe           |    49 |       |       |       |       |       |       |       ||    49
       Broad axe         |     2 |    30 |    61 |   257 |   589 |   810 |   492 |   398 ||  2639
       Unarmed           |       |       |       |     5 |       |       |       |       ||     5
Throw: Javelin           |       |       |       |       |       |     7 |    35 |   339 ||   381
Invok: Slouch            |       |       |     3 |    14 |    15 |    27 |    35 |    41 ||   135
Evoke: Wand              |       |       |       |     2 |       |       |       |     2 ||     4
  Use: Potion            |       |     1 |       |     2 |       |     1 |     3 |    12 ||    19
       Scroll            |       |       |       |     3 |     2 |     1 |       |     8 ||    14
 Stab: Distracted        |       |       |       |       |       |       |       |     1 ||     1
  Eat: Chunk             |       |       |       |     3 |       |    16 |     4 |     1 ||    24
       Fruit             |       |       |       |    10 |       |       |       |    11 ||    21
       Bread ration      |       |       |       |       |     1 |       |       |       ||     1
       Meat ration       |       |       |       |       |       |     1 |     1 |     1 ||     3
Armor: Scale mail        |    25 |       |       |       |       |       |       |       ||    25
       Ring mail         |     2 |    14 |    34 |    20 |       |       |       |       ||    70
       Plate armour      |       |       |       |     9 |       |       |       |       ||     9
       Chain mail        |       |       |       |     5 |       |       |       |       ||     5
       Gold dragon scale |       |       |       |   101 |   202 |   195 |    92 |    48 ||   638
Dodge: Dodged            |    14 |    12 |    20 |   123 |   322 |   297 |   137 |   108 ||  1033
Block: Shield            |    27 |    20 |    43 |   214 |   328 |       |       |       ||   632
       Large shield      |       |       |       |       |   166 |   744 |   401 |   407 ||  1718
